 Dungeon Crawl Stone Soup version 0.29.0-15-g675c0067aa (webtiles) character file.

Game seed: 3584000669903896309

1307372 wormsofcant the Thaumaturge (level 23, 195/195 HPs)
             Began as a Demigod Conjurer on Aug 28, 2022.
             Escaped with the Orb
             ... and 3 runes on Sept 11, 2022!
             The game lasted 04:38:16 (113674 turns).

wormsofcant the Thaumaturge (Demigod Conjurer)    Turns: 113674, Time: 04:38:17

Health: 195/195    AC: 36    Str: 17    XL:     23   Next: 93%
Magic:  47/47      EV: 11    Int: 54    God:
Gold:   6440       SH:  5    Dex: 11    Spells: 2/50 levels left

rFire   + + .      SeeInvis .   a - +8 Vampire's Tooth {vamp}
rCold   . . .      Faith    .   I - +1 buckler {reflect}
rNeg    + . .      Spirit   .   D - +13 chain mail of Eternal Night {rF+}
rPois   .          Reflect  +   (no helmet)
rElec   +          Harm     .   U - +2 cloak {Will+}
rCorr   .          Rampage  .   o - +2 pair of gloves
Will    +++..      Clarity  +   N - +2 pair of boots of Privacy {rElec rF+ Stlth+}
Stlth   +.........              W - amulet "Hohawe" {rN+ Regen+}
HPRegen 1.22/turn               Q - +6 ring of intelligence
MPRegen 0.30/turn               S - +6 ring of strength

@: studying Air Magic
A: high MP 1, forlorn, divine attributes, clarity, clever 1, screaming 1,
MP-powered wands
0: Orb of Zot
}: 3/15 runes: decaying, silver, gossamer
a: no special abilities


You escaped.
You visited 10 branches of the dungeon, and saw 48 of its levels.
You visited the Abyss 1 time.
You visited 1 bazaar.
You also visited: Volcano.

You collected 10521 gold pieces.
You spent 4081 gold pieces at shops.

Inventory:

Hand Weapons
 a - the +8 Vampire's Tooth (weapon) {vamp}
   (You found it on level 10 of the Dungeon)

   It occasionally heals its wielder for the full amount of damage dealt when it
   wounds a living foe.
 b - the +8 scimitar "Butes" {elec, rPois Str+4 Int+4}
   (You found it on level 2 of the Lair of Beasts)

   It occasionally discharges a powerful burst of electricity upon striking a
   foe.
   Str:       It affects your strength (+4).
   Int:       It affects your intelligence (+4).
   rPois:     It protects you from poison.
 C - the +6 arbalest "Damnation" {damnation}
   (You found it on level 3 of the Elven Halls)

   Any ammunition fired from it explodes in a burst of damnation on striking a
   foe, dealing damage which bypasses armour.
Missiles
 k - 19 curare-tipped darts
 G - 6 throwing nets
Armour
 o - a +2 pair of gloves (worn)
 D - the +13 chain mail of Eternal Night (worn) {rF+}
   (You found it on level 1 of the Depths)

   rF:        It protects you from fire.
 I - a +1 buckler of reflection (worn)
 N - the +2 pair of boots of Privacy (worn) {rElec rF+ Stlth+}
   (You found it on level 4 of the Spider Nest)

   rF:        It protects you from fire.
   rElec:     It insulates you from electricity.
   Stlth:     It makes you more stealthy.
 O - the +3 helmet "Tosimmib" {Dex+4 SInv}
   (You acquired it on level 11 of the Dungeon)

   Dex:       It affects your dexterity (+4).
   SInv:      It lets you see invisible.
 U - a +2 cloak of willpower (worn)
Magical Staves
 h - a staff of air
 p - a staff of conjuration
 Y - a staff of cold
Jewellery
 e - a +6 ring of dexterity
 j - a ring of willpower
 s - the ring of Shadows {Umbra +Inv Stlth+}
   (You found it on level 5 of the Realm of Zot)

   [ring of stealth]

   It surrounds you with an aura of shadow, increasing your stealth and reducing
   the accuracy of all others within it.
   +Inv:      It lets you turn invisible.
   Stlth:     It makes you more stealthy.
 A - a ring of flight
 B - a ring of poison resistance
 Q - a +6 ring of intelligence (left hand)
 S - a +6 ring of strength (right hand)
 W - the amulet "Hohawe" (around neck) {rN+ Regen+}
   (You took it off a deep elf blademaster on level 3 of the Elven Halls)

   [amulet of regeneration]

   rN:        It protects you from negative energy.
   Regen:     It increases your rate of health regeneration.
Wands
 t - a wand of charming (59)
 w - a wand of polymorph (29)
 y - a wand of iceblast (37)
 L - a wand of light (20)
Scrolls
 c - 3 scrolls of poison
 m - 6 scrolls of vulnerability
 n - 9 scrolls of fear
 q - 28 scrolls of teleportation
 u - 2 scrolls of blinking
 x - 8 scrolls of butterflies
 T - a scroll of torment
Potions
 d - 3 potions of cancellation
 f - 14 potions of curing
 g - 13 potions of might
 i - 4 potions of magic
 l - 8 potions of flight
 r - a potion of mutation
 v - 6 potions of attraction
 z - 7 potions of ambrosia
 E - 9 potions of brilliance
 F - 12 potions of lignification
 J - a potion of heal wounds
 K - 3 potions of resistance
 P - 3 potions of haste
 R - 7 potions of invisibility
Miscellaneous
 H - a phial of floods
 M - a phantom mirror
 V - a condenser vane
 X - a box of beasts
 Z - a tin of tremorstones (2/2)


   Skills:
 - Level 14.0 Fighting
 - Level 8.0(11.5) Short Blades
 - Level 13.1(14.0) Long Blades
 - Level 14.0 Armour
 - Level 14.0 Dodging
 * Level 13.2 Stealth
 - Level 4.0 Shields
 - Level 14.0 Spellcasting
 - Level 10.0 Conjurations
 - Level 10.0 Hexes
 - Level 10.0 Summonings
 - Level 8.0 Necromancy
 - Level 4.0 Translocations
 - Level 10.0 Transmutations
 - Level 10.0 Ice Magic
 - Level 8.0 Air Magic
 - Level 10.0 Earth Magic
 * Level 11.1 Evocations


You had 2 spell levels left.
You knew the following spells:

 Your Spells              Type           Power      Damage    Failure   Level
a - Freezing Cloud        Conj/Ice/Air   47%        6-21      2%          5
b - Irradiate             Conj/Tmut      49%        3d28      1%          5
c - Summon Lightning Spi  Summ/Air       94%        N/A       1%          4
d - Iskenderun's Mystic   Conj/Tloc      85%        2d17      2%          4
e - Vampiric Draining     Necr           90%        2d12      1%          3
f - Blink                 Tloc           100%       N/A       1%          2
g - Lee's Rapid Deconstr  Erth           49%        3d24*     1%          5
h - Borgnjor's Vile Clut  Necr/Erth      47%        N/A       3%          5
i - Summon Mana Viper     Hex/Summ       98%        N/A       1%          5
x - Apportation           Tloc           100%       N/A       1%          1
A - Ozocubu's Armour      Ice            98%        N/A       1%          3
E - Passwall              Tmut/Erth      81%        N/A       1%          2
P - Cause Fear            Hex            49%        N/A       1%          4

Your spell library contained the following spells:

 Spells                   Type           Power      Damage    Failure   Level
 Foxfire                  Conj/Fire      100%       2x1d9     1%          1
 Magic Dart               Conj           100%       1d8       1%          1
 Necrotise                Necr           100%       1d9       1%          1
 Sandblast                Erth           100%       2d20      1%          1
 Summon Small Mammal      Summ           100%       N/A       1%          1
 Call Imp                 Summ           98%        N/A       1%          2
 Poisonous Vapours        Pois/Air       100%       N/A       1%          2
 Searing Ray              Conj           100%       2d8       1%          2
 Sublimation of Blood     Necr           90%        N/A       1%          2
 Wereblood                Tmut           98%        N/A       1%          2
 Scorch                   Fire           74%        2d9       6%          2
 Conjure Flame            Conj/Fire      75%        6-21      1%          3
 Dazzling Flash           Conj/Hex       100%       N/A       1%          3
 Frozen Ramparts          Ice            100%       1d16      1%          3
 Inner Flame              Hex/Fire       75%        N/A       1%          3
 Mephitic Cloud           Conj/Pois/Air  80%        N/A       1%          3
 Stone Arrow              Conj/Erth      100%       3d13      1%          3
 Summon Guardian Golem    Hex/Summ       98%        N/A       1%          3
 Airstrike                Air            45%        2d(7-23)  1%          4
 Anguish                  Hex/Necr       47%        N/A       1%          4
 Animate Armour           Summ/Erth      100%       N/A       1%          4
 Animate Dead             Necr           90%        N/A       1%          4
 Dispel Undead            Necr           90%        3d29      1%          4
 Fulminant Prism          Conj/Hex       49%        3d21      1%          4
 Ice Form                 Ice/Tmut       98%        N/A       1%          4
 Leda's Liquefaction      Hex/Erth       49%        N/A       1%          4
 Petrify                  Tmut/Erth      98%        N/A       1%          4
 Summon Ice Beast         Ice/Summ       98%        N/A       1%          4
 Blade Hands              Tmut           49%        N/A       1%          5
 Iskenderun's Battlesphe  Conj           98%        2d14      1%          5
 Metabolic Englaciation   Hex/Ice        49%        N/A       1%          5
 Gell's Gravitas          Tloc           69%        N/A       2%          3
 Lesser Beckoning         Tloc           69%        N/A       2%          3
 Teleport Other           Tloc           69%        N/A       2%          3
 Ignite Poison            Fire/Tmut/Pois 65%        N/A       3%          3
 Lightning Bolt           Conj/Air       47%        1d67      3%          5
 Silence                  Hex/Air        47%        N/A       3%          5
 Corpse Rot               Necr/Pois/Air  76%        N/A       4%          4
 Agony                    Necr           90%        N/A       4%          5
 Flame Wave               Conj/Fire      75%        2d17      5%          4
 Sticky Flame             Conj/Fire      75%        2d9       5%          4
 Statue Form              Tmut/Erth      65%        N/A       11%         6
 Summon Cactus Giant      Summ           49%        N/A       11%         6
 Alistair's Intoxication  Tmut/Pois      50%        N/A       16%         5
 Simulacrum               Ice/Necr       47%        N/A       16%         6
 Manifold Assault         Tloc           69%        N/A       22%         5
 Death Channel            Necr           45%        N/A       24%         6
 Olgreb's Toxic Radiance  Pois           37%        N/A       38%         4
 Dragon Form              Tmut           49%        N/A       52%         7
 Monstrous Menagerie      Summ           49%        N/A       52%         7
 Ozocubu's Refrigeration  Ice            49%        4d18      52%         7
 Spellforged Servitor     Conj/Summ      49%        N/A       52%         7
 Summon Hydra             Summ           49%        N/A       52%         7
 Eringya's Noxious Bog    Tmut/Pois      37%        N/A       63%         6
 Starburst                Conj/Fire      37%        6d11      63%         6
 Storm Form               Tmut/Air       47%        N/A       65%         7
 Dispersal                Tloc           34%        N/A       77%         6
 Discord                  Hex            49%        N/A       99%         8
 Lehudib's Crystal Spear  Conj/Erth      49%        10d12     99%         8
 Ignition                 Fire           18%        3d7       100%        8
 Death's Door             Necr           45%        N/A       100%        9
 Polar Vortex             Ice            49%        N/A       100%        9


Dungeon Overview and Level Annotations

Branches:
Dungeon (15/15)            Temple (1/1) D:7            Lair (5/5) D:11
  Swamp (4/4) Lair:3       Spider (4/4) Lair:2        Slime (0/5) Lair:4
    Orc (2/2) D:12            Elf (3/3) Orc:2        Vaults (5/5) D:13
  Crypt (0/3) Vaults:3     Depths (4/4) D:15            Zot (5/5) Depths:4
Volcano (visited)

Shops:
D:11 *   Orc:2 [=*?   Vaults:1 *   Vaults:3 :   Depths:1 :

Portals:
Hell: Depths:1 Depths:2 Depths:3 Depths:4
Abyss: Depths:3
Pandemonium: Depths:1 Depths:2 Depths:3
Ziggurat: Depths:4

Annotations:
D:8 exclusion: 2 oklob saplings
D:15 exclusion: orange crystal statue
Lair:5 exclusion: oklob plant
Elf:2 3 runed translucent doors
Depths:2 exclusion: 2 doors
Depths:4 Mennas
Zot:4 exclusions: door and 1 more exclusion
Zot:5 3 runed translucent doors, Ofeo's ghost, adept MiFi; groovy9's ghost, veteran MiFi


Innate Abilities, Weirdness & Mutations

You have an increased reservoir of magic. (+10% MP)
You shall have no god before yourself.
Your divine heritage dramatically boosts your attributes as you level up.
You possess an exceptional clarity of mind.
Your mind is acute. (Int +4, Str/Dex -1)
You occasionally shout uncontrollably at your foes.
You expend magic power (3 MP) to strengthen your wands.


Message History

Aiming: Passwall (safe; 1% risk of failure)
Press: ? - help, Dir - move target A rock wall.
This square is covered in magical glow.
You begin to meditate on the wall.
You continue meditating on the rock.
HP restored.
You continue meditating on the rock. x4
Magic restored.
You finish merging with the rock.
There is a stone staircase leading up here.
You climb upwards.
There is a stone staircase leading down here.
Casting: Passwall (safe; 1% risk of failure)
Confirm with . or Enter, or press ? or * to list all spells.
Aiming: Passwall (safe; 1% risk of failure)
Press: ? - help, Dir - move target A rock wall.
This square is covered in magical glow.
You begin to meditate on the wall.
You continue meditating on the rock. x4
You finish merging with the rock.
There is a stone staircase leading up here.
Magic restored.
You climb upwards.
There is a stone staircase leading down here.
Casting: Passwall (safe; 1% risk of failure)
Confirm with . or Enter, or press ? or * to list all spells.
Aiming: Passwall (safe; 1% risk of failure)
Press: ? - help, Dir - move target A rock wall.
This square is covered in magical glow.
You begin to meditate on the wall.
You continue meditating on the rock. x4
You finish merging with the rock.
You open the door.
That's the wrong kind of item! (Use * to select it.) Evoke which item? (* to show all) (? for menu, Esc to quit)
Okay, then.
Unknown command.
As you read the scroll of butterflies, it crumbles to dust.
You hear the tinkle of a tiny bell.
You have escaped!

#.#####.#.#.#####.#..##. #..#
#.#.#...#.#.###### # ##.#
#...###.#.#.# #### #.#
#.#.....#.#.# ...## #.#
#.#.#####.#.# ##..## #.#
##+b#...#.#.# ##..# #.#
#.bb#.#.#.#.###### ##.# #.#
##'b#.#.#.#...##.. #.######.#
#@#.#.#.#.###.##.# #.....##.#
#.#.#.#.#...#..... ###.###.##.##
#b..###.#.#.#..... ##...# #.[...#
#.#b#...P.#.###...
#..#.###.##..###.#...#####.####.#
#.##...........#...#.......#....#
#..#...#####.#.##################
##...#.# #.#...# #.# ....##.#
#.#.#.# #.#


There were no monsters in sight!

Vanquished Creatures
  An ancient lich (Zot:5)
  7 orbs of fire (Zot:5)
  A juggernaut (Depths:2)
  Boris (Depths:4)
  Saint Roka (Depths:1)
  2 Killer Klowns (Zot:5)
  Frederick (Vaults:4)
  2 curse toes
  12 caustic shrikes
  6 golden dragons
  Nikola (Elf:1)
  A bone dragon (Depths:3)
  2 Tzitzimimeh (Depths:4)
  2 electric golems (Zot:5)
  3 doom hounds (Depths:4)
  Rupert (Lair:5)
  10 tentacled monstrosities
  10 Orb Guardians
  Grunn (Depths:4)
  A walking earthen tome (Depths:2)
  10 liches
  Jorgrun (Orc:1)
  2 deep elf blademasters (Elf:3)
  7 titans (Vaults:5)
  A walking divine tome (Depths:3)
  A walking frostbound tome (Depths:3)
  2 quicksilver dragons (Vaults:5)
  2 deep elf master archers (Elf:3)
  Kirke (Swamp:4)
  A death cob (Zot:4)
  7 sphinxes
  6 shadow dragons
  The ghost of Silenth the Unseen, an adept KoHu of Okawaru (Swamp:1)
  2 draconian monks
  11 tengu reavers
  11 frost giants
  A balrug (Depths:1)
  7 storm dragons
  12 fire giants
  6 deep elf sorcerers
  2 iron dragons
  3 draconian scorchers
  6 ghost moths
  3 emperor scorpions (Spider:4)
  2 draconian knights (Zot:1)
  An orc warlord (Vaults:2)
  Aizul (Swamp:4)
  8 deep elf elementalists
  A war gargoyle (Vaults:1)
  2 spriggan defenders (Depths:3)
  2 draconian stormcallers
  5 draconian shifters
  14 vault wardens
  A caustic shrike skeleton (D:15)
  A reaper (Depths:3)
  27 stone giants
  18 very ugly things
  2 broodmothers
  4 ironbound thunderhulks
  13 ironbound preservers
  2 vampire knights
  8 green draconians
  7 deep elf demonologists (Elf:3)
  6 eleionomae
  10 deep elf annihilators
  2 white draconians (Zot:4)
  12 dire elephants
  3 putrid mouths
  4 red draconians
  9 entropy weavers
  4 black draconians
  Azrael (Elf:1)
  3 bunyips
  12 spark wasps
  3 yellow draconians (Depths:4)
  13 ettins
  A purple draconian (Zot:3)
  7 yaktaur captains
  3 deep elf death magi
  A merfolk impaler (Depths:4)
  2 deep elf high priests (Vaults:5)
  18 fire dragons
  3 shambling mangroves
  7 boulder beetles
  7 great orbs of eyes
  A peacekeeper (Vaults:1)
  7 rakshasas
  30 vault guards
  14 ice dragons
  9 spriggan air magi
  The ghost of greasedhog the Geomancer, a journeyman GrEE of Vehumet (Orc:1)
  26 hydras
  7 ironbound frosthearts
  3 jorogumos
  4 alligators
  A ghost crab (Swamp:3)
  A catoblepas (Lair:5)
  7 centaur warriors
  2 death knights (Vaults:3)
  7 two-headed ogres
  13 dancing weapons
  7 tengu warriors
  2 vampire magi (Depths:2)
  3 death yaks (Lair:5)
  8 deep troll shamans
  6 deep troll earth magi
  11 spriggan berserkers
  An orc high priest (Orc:2)
  6 hell knights
  A sun demon (D:8)
  8 spriggans
  A shock serpent (shapeshifter) (Vaults:5)
  A large abomination (Elf:2)
  14 deep elf knights
  6 iron trolls
  A soul eater (Depths:3)
  4 skeletal warriors
  4 pharaoh ants
  Nergalle (Orc:1)
  2 sixfirhies
  A death drake (Swamp:3)
  A sea snake (shapeshifter) (Vaults:5)
  4 glowing orange brains
  43 deep trolls
  3 sun moths
  2 goliath frogs (Swamp:1)
  A quicksilver dragon simulacrum (Depths:3)
  A storm dragon skeleton (D:15)
  3 spriggan druids
  7 steelbarb worms
  11 orb spiders
  9 swamp dragons
  2 swamp dragons (shapeshifter)
  9 deep elf archers
  9 wizards
  5 phantasmal warriors
  11 ironbound convokers
  16 lindwurms
  3 bog bodies
  26 deep elf zephyrmancers
  18 orc knights
  20 deep elf pyromancers
  4 harpies (Vaults:3)
  2 necromancers
  A fire giant zombie (Depths:3)
  9 orc sorcerers
  4 will-o-the-wisps
  15 wolf spiders
  3 manticores
  A salamander (Vaults:2)
  29 ugly things
  7 cyclopes
  A centaur zombie (D:9)
  15 elephants
  21 vault sentinels
  3 black mambas
  9 moths of wrath
  11 cane toads
  A storm dragon simulacrum (Depths:3)
  4 centaur skeletons (D:9)
  9 torpor snails
  2 gargoyles
  3 unseen horrors
  34 yaktaurs
  2 orange demons
  A torpor snail (shapeshifter) (Vaults:5)
  An unseen horror (shapeshifter) (D:9)
  19 demonic crawlers
  A kobold demonologist (D:13)
  An efreet (Volcano)
  3 freezing wraiths
  3 tormentors
  11 komodo dragons
  7 tengu conjurers
  7 rime drakes
  A guardian mummy (D:15)
  10 trolls
  2 bloated husks (Swamp:4)
  A meliai (shapeshifter) (Depths:2)
  3 meliai (Spider:3)
  12 tyrant leeches
  3 hellwings (D:9)
  6 saltlings (Orc:2)
  20 tarantellas
  A tyrant leech (shapeshifter) (Depths:2)
  21 dream sheep (Lair:5)
  3 polar bears
  33 blink frogs
  A raiju (shapeshifter) (Vaults:5)
  18 hornets
  55 slime creatures
  15 jumping spiders
  5 air elementals
  A culicivora (shapeshifter) (D:13)
  A snapping turtle (shapeshifter) (Depths:4)
  Sigmund (D:5)
  18 culicivoras
  A shadow (D:9)
  10 water elementals
  A ynoxinul (Depths:1)
  7 wyverns
  36 yaks
  8 fire elementals
  4 vampires
  3 wraiths
  A hog (Swamp:4)
  2 humans
  5 basilisks
  2 chaos spawn (Depths:1)
  A neqoxec (Depths:3)
  5 steam dragons
  63 redbacks
  The ghost of BuzzyBeetle the Chucker, an amateur GnWn (D:4)
  19 vampire mosquitoes
  7 wargs
  4 acid dragons
  13 swamp worms
  A glowing shapeshifter zombie (D:15)
  7 water moccasins
  A human zombie (D:15)
  A nameless horror (Zot:1)
  6 sky beasts
  13 swamp drakes
  4 ice beasts
  23 orc warriors
  3 black bears (D:11)
  15 wolves
  A tengu (D:13)
  6 ogres
  7 boggarts
  2 centaurs
  A phantom (D:5)
  5 kobold brigands
  11 bullfrogs
  A gnoll sergeant (D:7)
  4 earth elementals
  2 scorpions
  12 wights
  10 electric eels
  A howler monkey (D:5)
  3 jellies
  Crazy Yiuf (D:2)
  4 hounds
  14 orc priests
  23 orc wizards
  Terence (D:2)
  8 iguanas
  6 hell rats (Lair:1)
  11 adders
  13 gnolls
  4 white imps
  An ufetubus (D:5)
  4 worms
  5 dart slugs
  79 orcs
  9 ball pythons
  5 bats
  9 endoplasms
  3 giant cockroaches
  6 hobgoblins
  4 jackals (D:8)
  3 quokkas
  2 frilled lizards
  12 goblins
  25 kobolds
  7 rats
  A bush (Lair:3)
  3 pillars of salt (Orc:2)
1918 creatures vanquished.

Vanquished Creatures (collateral kills)
  An orb of fire (Zot:5)
  A dread lich (Vaults:5)
  An ancient lich (Zot:5)
  A titan (Vaults:5)
  11 Orb Guardians
  A death cob (Zot:5)
  A shadow dragon (Depths:4)
  A frost giant (Vaults:5)
  2 green draconians
  A purple draconian (Zot:1)
  A red draconian (Zot:1)
  A hell knight (Depths:4)
  3 moths of wrath
26 creatures vanquished.

Vanquished Creatures (others)
  A draconian monk (Zot:1)
  A water elemental (Elf:3)
  A human (Swamp:4)
  A hell hound (Elf:1)
  A floating eye (Depths:3)
  3 bushes (Lair:5)
  8 foxfires
  28 fulminant prisms
  87 fungi
  8 pillars of salt (Orc:2)
  137 plants
  4 toadstools (D:5)
  10 withered plants (D:15)
290 creatures vanquished.

Grand Total: 2234 creatures vanquished

Notes
Turn   | Place    | Note
-------+----------+-------------------------------------------
     0 | D:1      | wormsofcant the Demigod Conjurer began the quest for the
                  | Orb.
     0 | D:1      | Reached XP level 1. HP: 14/14 MP: 5/5
   353 | D:1      | Reached XP level 2. HP: 20/20 MP: 0/7
  1128 | D:2      | Reached XP level 3. HP: 26/26 MP: 3/8
  1131 | D:2      | Learned a level 2 spell: Searing Ray
  1473 | D:2      | Noticed Terence
  1592 | D:2      | Killed Terence
  1593 | D:2      | Reached skill level 5 in Conjurations
  2181 | D:2      | Found a runed translucent door.
  2182 | D:2      | Noticed Crazy Yiuf
  2397 | D:3      | Reached XP level 4. HP: 33/33 MP: 4/9
  2555 | D:3      | Learned a level 3 spell: Stone Arrow
  3237 | D:4      | Found a large runed translucent door.
  3237 | D:4      | Found a large runed translucent door.
  3239 | D:4      | Noticed BuzzyBeetle's ghost (amateur GnWn)
  3268 | D:4      | You fall into a shaft and drop 3 floors!
  3274 | D:7      | Found a staircase to the Ecumenical Temple.
  3280 | D:7      | Noticed an ice beast
  3283 | Temple   | Entered the Ecumenical Temple
  3346 | D:5      | Entered Level 5 of the Dungeon
  3705 | D:5      | Reached XP level 5. HP: 38/38 MP: 5/10
  3708 | D:5      | Learned a level 2 spell: Passwall
  3749 | D:5      | Reached skill level 1 in Earth Magic
  4441 | D:4      | Noticed an ogre
  4450 | D:4      | Killed an ogre
  4451 | D:4      | Reached XP level 6. HP: 45/45 MP: 5/13
  4805 | D:5      | Noticed Sigmund
  5522 | D:6      | Reached XP level 7. HP: 14/50 MP: 10/14
  6256 | D:6      | Learned a level 4 spell: Iskenderun's Mystic Blast
  6352 | D:6      | Identified the +1 chain mail "Cammax" {rF+}
  6377 | D:6      | Identified the +5 rapier "Zadghiwk" {flame, Contam rPois
                  | rC++ rN+}
  6405 | D:6      | Reached skill level 1 in Translocations
  6657 | D:6      | Reached XP level 8. HP: 48/57 MP: 11/17
  7016 | D:7      | Found a transporter.
  7023 | D:7      | Found a transporter.
  7260 | D:7      | Reached skill level 1 in Fighting
  8682 | D:7      | Learned a level 3 spell: Vampiric Draining
  8768 | D:5      | Reached skill level 1 in Necromancy
  8919 | D:5      | Killed Sigmund
  8920 | D:5      | Reached XP level 9. HP: 65/71 MP: 8/19
  9331 | D:8      | Reached skill level 5 in Spellcasting
 10620 | D:9      | Noticed a cyclops
 10870 | D:9      | Reached skill level 5 in Fighting
 11302 | D:9      | Learned a level 4 spell: Fulminant Prism
 11728 | D:9      | Reached skill level 5 in Necromancy
 11728 | D:9      | Reached XP level 10. HP: 53/83 MP: 12/22
 11891 | D:9      | Reached skill level 1 in Transmutations
 12780 | D:10     | Entered Level 10 of the Dungeon
 13157 | D:10     | Noticed a two-headed ogre
 13430 | D:10     | Noticed a deep elf annihilator
 13431 | D:10     | Noticed an orc sorcerer
 13431 | D:10     | Noticed a wizard
 14134 | D:11     | Found a staircase to the Lair.
 14280 | D:11     | Found Meubeul's Specific Store.
 14282 | D:11     | Found Kuaffenk's General Store.
 14288 | D:11     | Bought a scroll of magic mapping for 90 gold pieces
 14288 | D:11     | Bought a scroll of poison for 48 gold pieces
 14288 | D:11     | Bought a scroll of identify for 24 gold pieces
 14288 | D:11     | Bought a scroll of teleportation for 36 gold pieces
 14472 | D:11     | Learned a level 5 spell: Freezing Cloud
 15178 | D:11     | Reached XP level 11. HP: 89/89 MP: 20/25
 15575 | D:11     | Bought a scroll of acquirement for 676 gold pieces
 15575 | D:11     | Acquired the +3 helmet "Tosimmib" {Dex+4 SInv}
 15616 | Lair:1   | Entered Level 1 of the Lair of Beasts
 16081 | Lair:1   | Reached skill level 10 in Conjurations
 16139 | Lair:1   | Reached skill level 1 in Ice Magic
 16139 | Lair:1   | Reached skill level 1 in Air Magic
 17463 | Lair:1   | Learned a level 1 spell: Magic Dart
 17895 | Lair:2   | Identified the +8 scimitar "Butes" {elec, rPois Str+4
                  | Int+4}
 18138 | Lair:2   | Found a hole to the Spider Nest.
 18617 | Lair:2   | Reached skill level 5 in Ice Magic
 18617 | Lair:2   | Reached skill level 5 in Air Magic
 18620 | Lair:2   | Reached XP level 12. HP: 81/97 MP: 7/28
 19460 | Lair:3   | Noticed a seven-headed hydra
 19468 | Lair:3   | Killed a seven-headed hydra
 19514 | Lair:3   | Found a dark tunnel.
 19523 | Volcano  | Entered a volcano
 20108 | Lair:3   | Found a staircase to the Swamp.
 20165 | Lair:3   | Reached skill level 5 in Dodging
 21173 | Lair:4   | Noticed a five-headed hydra
 21174 | Lair:4   | Noticed an eight-headed hydra
 21182 | Lair:4   | Killed an eight-headed hydra
 21186 | Lair:4   | Killed a five-headed hydra
 21782 | Lair:4   | Found a staircase to the Slime Pits.
 21968 | Lair:4   | Reached XP level 13. HP: 107/107 MP: 19/29
 22522 | Lair:5   | Entered Level 5 of the Lair of Beasts
 22985 | Lair:5   | Reached skill level 10 in Fighting
 23887 | Lair:5   | Identified the +2 leather armour of Gravitas {Int+3}
 23887 | Lair:5   | Noticed Rupert
 24201 | Lair:5   | Reached skill level 10 in Dodging
 24608 | Lair:5   | Reached skill level 5 in Stealth
 24691 | Lair:5   | Noticed a dire elephant
 25263 | Lair:5   | Paralysed by Rupert for 3 turns
 25548 | D:12     | Found a staircase to the Orcish Mines.
 25557 | D:12     | Reached skill level 1 in Evocations
 27103 | D:12     | Reached XP level 14. HP: 121/121 MP: 20/30
 27746 | D:2      | Killed Crazy Yiuf
 27887 | D:4      | Killed BuzzyBeetle's ghost
 28656 | D:9      | Found the +4 Cigotuvi's embrace {rMiasma Drain rN+}
 28842 | D:10     | Found the +8 Vampire's Tooth {vamp}
 29111 | D:10     | Got Xifyt's Exposition on the Fetid Blaze
 29184 | D:10     | Reached skill level 5 in Evocations
 29190 | D:10     | Learned a level 5 spell: Lee's Rapid Deconstruction
 30096 | D:13     | Noticed Sonja
 30098 | D:13     | Noticed Sonja
 30098 | D:13     | Sonja changed into Sonja the tengu
 30104 | D:13     | Killed Sonja the tengu
 30789 | D:13     | Reached skill level 1 in Short Blades
 31984 | Orc:1    | Entered Level 1 of the Orcish Mines
 32061 | Orc:2    | Entered Level 2 of the Orcish Mines
 32061 | Orc:2    | Found a staircase to the Elven Halls.
 33315 | Orc:2    | Found Ozuicw's Jewellery Shoppe.
 33317 | Orc:2    | Reached skill level 5 in Short Blades
 33803 | Orc:2    | Found Odecs's General Store.
 33815 | Orc:2    | Bought a scroll of fear for 40 gold pieces
 33924 | Orc:2    | Found Puuliem's Armour Shop.
 34083 | Orc:2    | Found Uttyde's Magic Scroll Shoppe.
 34091 | Orc:2    | Bought a scroll of identify for 28 gold pieces
 34091 | Orc:2    | Bought a scroll of identify for 28 gold pieces
 34091 | Orc:2    | Bought a scroll of identify for 28 gold pieces
 34094 | Orc:2    | Bought a scroll of teleportation for 42 gold pieces
 34094 | Orc:2    | Bought a scroll of enchant armour for 105 gold pieces
 34094 | Orc:2    | Bought a scroll of butterflies for 56 gold pieces
 34162 | Orc:1    | Noticed Jorgrun
 34166 | Orc:1    | Killed Jorgrun
 34330 | Orc:1    | Found a transporter.
 34330 | Orc:1    | Noticed greasedhog's ghost (journeyman GrEE)
 34412 | Orc:1    | Noticed Nergalle
 34424 | Orc:1    | Killed Nergalle
 34817 | Orc:1    | Found a transporter.
 35029 | Orc:1    | Identified the +6 giant club "Zeibbuwe" {elec, Dex+4}
 36031 | Lair:5   | Reached XP level 15. HP: 124/126 MP: 28/32
 36160 | Lair:5   | Killed Rupert
 37319 | D:13     | Found a gate to the Vaults.
 37531 | D:14     | Reached skill level 5 in Earth Magic
 38821 | D:15     | Entered Level 15 of the Dungeon
 40623 | D:15     | Found a staircase to the Depths.
 41109 | Orc:2    | Bought a potion of invisibility for 80 gold pieces
 41115 | Orc:2    | Learned a level 5 spell: Irradiate
 41280 | Spider:1 | Entered Level 1 of the Spider Nest
 41931 | Spider:1 | Identified the +10 long sword of Dismemberment {elec, *Rage
                  | Will+++ MP+9 Int-5}
 43344 | Spider:2 | Reached skill level 10 in Spellcasting
 44928 | Spider:2 | Reached skill level 5 in Transmutations
 44932 | Spider:2 | Reached XP level 16. HP: 134/134 MP: 11/35
 45407 | Spider:3 | Acquired 865 gold pieces
 48684 | Spider:4 | Entered Level 4 of the Spider Nest
 48699 | Spider:4 | Learned a level 3 spell: Ozocubu's Armour
 50540 | Swamp:1  | Entered Level 1 of the Swamp
 50978 | Swamp:1  | Found a runed translucent gate.
 50979 | Swamp:1  | Found a runed translucent gate.
 50979 | Swamp:1  | Found a runed translucent gate.
 51024 | Swamp:1  | Noticed Silenth's ghost (adept KoHu)
 51762 | Swamp:1  | Killed Silenth's ghost
 52703 | Swamp:2  | Noticed a tentacled monstrosity
 52721 | Swamp:2  | Killed a tentacled monstrosity
 53160 | Swamp:3  | Learned a level 1 spell: Apportation
 53479 | Swamp:3  | Reached skill level 10 in Stealth
 53501 | Swamp:3  | Noticed a tentacled monstrosity
 53560 | Swamp:3  | Reached XP level 17. HP: 138/140 MP: 20/36
 54035 | Swamp:3  | Reached skill level 1 in Shields
 54044 | Swamp:3  | Killed a tentacled monstrosity
 54671 | D:15     | Acquired a staff of air
 55333 | Orc:1    | Killed greasedhog's ghost
 55670 | Swamp:4  | Entered Level 4 of the Swamp
 56999 | Swamp:4  | Noticed Kirke
 57009 | Swamp:4  | Killed Kirke
 57183 | Swamp:4  | Noticed Aizul
 57191 | Swamp:4  | Killed Aizul
 57687 | Swamp:4  | Got a decaying rune of Zot
 58126 | Vaults:1 | Entered Level 1 of the Vaults
 58126 | Vaults:1 | Found Yhigoar's General Store.
 58297 | Vaults:1 | Bought a book of Unlife for 756 gold pieces
 58297 | Vaults:1 | Bought a scroll of fear for 84 gold pieces
 58297 | Vaults:1 | Bought a scroll of fear for 84 gold pieces
 58303 | Vaults:1 | Learned a level 5 spell: Borgnjor's Vile Clutch
 60689 | Vaults:2 | Found a flickering gateway to a bazaar.
 60739 | Bazaar   | Entered a bazaar
 60771 | Bazaar   | Found Pohyabb's Magic Scroll Shop.
 60782 | Bazaar   | Found Potwouhe's Distillery.
 60802 | Bazaar   | Found Coggec's Distillery.
 60818 | Bazaar   | Found Duesadur's Magic Scroll Shop.
 60848 | Bazaar   | Bought a potion of invisibility for 72 gold pieces
 60848 | Bazaar   | Bought a potion of curing for 27 gold pieces
 60863 | Bazaar   | Bought a scroll of teleportation for 57 gold pieces
 60863 | Bazaar   | Bought a scroll of blinking for 142 gold pieces
 60863 | Bazaar   | Bought a scroll of teleportation for 57 gold pieces
 60863 | Bazaar   | Bought a scroll of teleportation for 57 gold pieces
 60891 | Bazaar   | Bought a scroll of blinking for 97 gold pieces
 60891 | Bazaar   | Bought a scroll of magic mapping for 97 gold pieces
 60891 | Bazaar   | Bought a scroll of teleportation for 39 gold pieces
 60906 | Bazaar   | Bought a potion of might for 64 gold pieces
 60906 | Bazaar   | Bought a potion of resistance for 160 gold pieces
 60906 | Bazaar   | Bought a potion of cancellation for 128 gold pieces
 60906 | Bazaar   | Bought a potion of brilliance for 64 gold pieces
 60906 | Bazaar   | Bought a potion of lignification for 48 gold pieces
 60926 | Bazaar   | Bought a potion of brilliance for 36 gold pieces
 60934 | Bazaar   | Bought a potion of mutation for 72 gold pieces
 60934 | Bazaar   | Bought a potion of mutation for 72 gold pieces
 60949 | Bazaar   | Bought a scroll of enchant weapon for 142 gold pieces
 60949 | Bazaar   | Bought a scroll of torment for 180 gold pieces
 60949 | Bazaar   | Bought a scroll of enchant weapon for 142 gold pieces
 60977 | Bazaar   | Bought a scroll of silence for 123 gold pieces
 61207 | Vaults:2 | Reached XP level 18. HP: 119/151 MP: 30/39
 61406 | Vaults:2 | Reached skill level 10 in Evocations
 63810 | Vaults:2 | Reached skill level 10 in Earth Magic
 65988 | Spider:4 | Reached skill level 10 in Transmutations
 66154 | Spider:4 | Identified the +2 pair of boots of Privacy {rElec rF+
                  | Stlth+}
 66182 | Spider:4 | Got a gossamer rune of Zot
 66661 | Vaults:3 | Found Cegrinum's Book Shoppe.
 68994 | Vaults:3 | Identified the +4 flail "Soufow" {elec, rElec}
 69583 | Vaults:3 | Found a staircase to the Crypt.
 69707 | Vaults:3 | Reached XP level 19. HP: 160/160 MP: 27/40
 70610 | Vaults:4 | Noticed Frederick
 70641 | Vaults:4 | Killed Frederick
 72072 | Depths:1 | Entered Level 1 of the Depths
 72103 | Depths:1 | Noticed Saint Roka
 72117 | Depths:1 | Killed Saint Roka
 72575 | Depths:1 | Reached skill level 10 in Ice Magic
 72871 | Depths:1 | Found Muobra's Tremendous Tomes.
 73641 | Depths:1 | Identified the +13 chain mail of Eternal Night {rF+}
 74660 | Depths:1 | Found a gateway to Hell.
 74835 | Depths:1 | Found a one-way gate leading to the halls of Pandemonium.
 76798 | Depths:3 | Noticed a caustic shrike
 76798 | Depths:3 | Noticed a caustic shrike
 76798 | Depths:3 | Noticed a caustic shrike
 76798 | Depths:3 | Noticed a caustic shrike
 76799 | Depths:3 | ugh
 76965 | Depths:2 | Reached skill level 1 in Armour
 79606 | Depths:2 | Reached skill level 5 in Armour
 79606 | Depths:2 | Reached XP level 20. HP: 168/168 MP: 26/43
 80028 | Depths:2 | Reached skill level 1 in Long Blades
 80966 | Depths:2 | Noticed a juggernaut
 80980 | Depths:2 | Killed a juggernaut
 81152 | Depths:2 | Identified the +5 great sword "Biurox" {pain, rElec rC+++
                  | Dex+7 Stlth-}
 81704 | Depths:2 | Identified the +6 short sword of Fate {pain, *Slow rN+
                  | Int+5 Dex+2}
 81894 | Depths:2 | Noticed a caustic shrike
 82087 | Depths:3 | Reached skill level 5 in Long Blades
 82872 | Depths:3 | Noticed a caustic shrike
 83039 | Depths:3 | Noticed a caustic shrike
 83048 | Depths:3 | Killed a caustic shrike
 83341 | Depths:3 | Noticed a golden dragon
 83350 | Depths:3 | Killed a golden dragon
 83354 | Depths:3 | Noticed a caustic shrike
 83489 | Depths:4 | Entered Level 4 of the Depths
 84469 | Depths:2 | Identified the +7 ice dragon scales of Sif Muna's
                  | Inspiration {Fly rF- rC++ Dex+4}
 85200 | Depths:2 | Killed a caustic shrike
 85404 | Depths:2 | Got the Vellum of Hurtful Beguiling
 85410 | Depths:2 | Learned a level 4 spell: Cause Fear
 85415 | Depths:2 | Got Xoug's Essays on Maledictive Poison
 85416 | Depths:2 | Identified the +1 chain mail of Diacecug {+Inv rPois rN+}
 85672 | Depths:3 | Killed a caustic shrike
 85743 | Depths:3 | Identified the +8 chain mail of the Curious Ziggurats
                  | {Int-4 Dex+6}
 85910 | Depths:3 | Killed a caustic shrike
 86208 | Depths:3 | Noticed a golden dragon
 86221 | Depths:3 | Killed a golden dragon
 86750 | Depths:2 | Killed a caustic shrike
 86797 | Depths:2 | Killed a caustic shrike
 86798 | Depths:2 | Reached skill level 10 in Long Blades
 87016 | Depths:2 | Killed a caustic shrike
 87074 | Depths:2 | Killed a caustic shrike
 87475 | Depths:3 | Noticed a caustic shrike
 87715 | Depths:3 | Killed a caustic shrike
 87872 | Depths:3 | Found a one-way gate to the infinite horrors of the Abyss.
 87924 | Depths:3 | Noticed a golden dragon
 87931 | Depths:3 | Killed a golden dragon
 88037 | Depths:3 | Reached XP level 21. HP: 150/174 MP: 29/44
 88262 | Depths:4 | Found a one-way gateway to a ziggurat.
 88345 | Depths:4 | Noticed a golden dragon
 88357 | Depths:4 | Reached skill level 5 in Hexes
 88364 | Depths:4 | Killed a golden dragon
 88771 | Depths:4 | Noticed Mennas
 88779 | Depths:4 | Noticed a caustic shrike
 88779 | Depths:4 | Noticed a caustic shrike
 88783 | Depths:4 | Noticed a caustic shrike
 88874 | Depths:4 | Noticed Boris
 89032 | Depths:4 | Killed Boris
 89521 | Depths:4 | Noticed Grunn
 90007 | Depths:4 | Killed Grunn
 91313 | Depths:4 | Killed a caustic shrike
 91316 | Depths:4 | Killed a caustic shrike
 91318 | Depths:4 | Killed a caustic shrike
 92184 | Elf:1    | Entered Level 1 of the Elven Halls
 92186 | Elf:1    | Paralysed by an air elemental for 1 turns
 92495 | Elf:1    | Paralysed by an air elemental for 1 turns
 92796 | Elf:1    | Noticed Nikola
 92805 | Elf:1    | Killed Nikola
 93059 | Elf:1    | Noticed Azrael
 93353 | Elf:1    | Killed Azrael
 94179 | Abyss:3  | Cast into level 3 of the Abyss (+6 hand axe of distortion)
 94248 | Elf:2    | Escaped the Abyss
 94601 | Elf:2    | Found a runed translucent gate.
 94601 | Elf:2    | Found a runed translucent gate.
 94602 | Elf:2    | Found a runed translucent gate.
 95327 | Elf:3    | Entered Level 3 of the Elven Halls
 96292 | Elf:3    | Reached XP level 22. HP: 183/189 MP: 43/46
 96685 | Elf:3    | Identified the amulet of Gudoxzi {rPois Regen+ Slay+5}
 97028 | Elf:3    | Identified the +12 glaive "Goreat" {venom, rN+ Will+ rCorr}
 97036 | Elf:3    | Reached skill level 10 in Armour
 97263 | Elf:3    | Identified the +0 chain mail of Ybuamoys {Dex+3}
 97275 | Elf:3    | Identified the +5 ring mail "Yphohy" {rC+++ rN+ rCorr Dex-2
                  | Stlth-}
 97275 | Elf:3    | Identified the amulet "Hohawe" {rN+ Regen+}
 97910 | Elf:3    | Identified the ring of Ukhlalosi {rElec rF+ MP-9 Str+6}
 98071 | Elf:3    | Found the +6 arbalest "Damnation" {damnation}
 98084 | Elf:3    | Got the Secrets of the Congregated Jaunt
 98090 | Elf:3    | Identified the +4 giant spiked club of Classification
                  | {vorpal, rPois}
 98138 | Elf:3    | Got Xaemok's Compendium of Heat
 98141 | Elf:3    | Got the Spellbook of Evil and Hexing
 98144 | Elf:3    | Identified the +0 cloak of Saekhlig {rElec rC++}
 98366 | Vaults:1 | Learned a level 5 spell: Summon Mana Viper
 98460 | Vaults:5 | Entered Level 5 of the Vaults
 98489 | Vaults:5 | Reached skill level 1 in Summonings
 98898 | Vaults:5 | Identified the +12 shortbow of Laiz {flame, Drain rF+
                  | Will+}
 99353 | Vaults:5 | Reached skill level 5 in Summonings
100783 | Vaults:5 | Noticed a dread lich
100815 | Vaults:5 | Killed a dread lich
101798 | Vaults:5 | Got a silver rune of Zot
101962 | Vaults:5 | Upgraded the game from 0.29.0-5-ge4962eb29e to
                  | 0.29.0-15-g675c0067aa
102233 | D:15     | Learned a level 4 spell: Summon Lightning Spire
102236 | D:15     | Learned a level 2 spell: Blink
102686 | Depths:4 | Reached XP level 23. HP: 195/195 MP: 41/47
102951 | Depths:4 | Found a gate to the Realm of Zot.
102960 | Zot:1    | Entered Level 1 of the Realm of Zot
104685 | Zot:5    | Entered Level 5 of the Realm of Zot
104739 | Zot:5    | Found a runed translucent gate.
104739 | Zot:5    | Found a runed translucent gate.
104739 | Zot:5    | Found a runed translucent gate.
104743 | Zot:5    | Noticed Ofeo's ghost (adept MiFi)
104743 | Zot:5    | Noticed groovy9's ghost (veteran MiFi)
105928 | Zot:5    | Noticed an orb of fire
105928 | Zot:5    | Noticed an orb of fire
106930 | Zot:5    | Noticed a Killer Klown
107088 | Zot:5    | Noticed an orb of fire
107115 | Zot:5    | Killed an orb of fire
107210 | Zot:5    | Noticed an ancient lich
107226 | Zot:5    | Killed an ancient lich
107376 | Zot:5    | Killed a Killer Klown
107830 | Zot:5    | Noticed a Killer Klown
108066 | Zot:5    | Killed a Killer Klown
108200 | Zot:5    | Noticed an ancient lich
108220 | Zot:5    | Killed an ancient lich
108445 | Zot:5    | Noticed an orb of fire
108465 | Zot:5    | Killed an orb of fire
108667 | Zot:5    | Gained mutation: Armour fits poorly on your strangely
                  | shaped body. [an orb of fire]
108681 | Zot:5    | Killed an orb of fire
108852 | Zot:4    | Reached skill level 10 in Summonings
108864 | Zot:4    | Reached skill level 10 in Hexes
109321 | Vaults:2 | Lost mutation: Armour fits poorly on your strangely shaped
                  | body. [potion of mutation]
109321 | Vaults:2 | Gained mutation: You have large cloven feet. [potion of
                  | mutation]
109819 | Zot:5    | Noticed an orb of fire
109831 | Zot:5    | Gained mutation: You occasionally lose the ability to drink
                  | potions when taking damage. [an orb of fire]
109834 | Zot:5    | Gained mutation: You are frail. (-10% HP) [an orb of fire]
109851 | Zot:4    | Lost mutation: You have large cloven feet. [potion of
                  | mutation]
109851 | Zot:4    | Lost mutation: You occasionally lose the ability to drink
                  | potions when taking damage. [potion of mutation]
109851 | Zot:4    | Lost mutation: You are frail. (-10% HP) [potion of
                  | mutation]
109851 | Zot:4    | Gained mutation: Your spells are a little harder to cast,
                  | but a little more powerful. [potion of mutation]
110289 | Zot:5    | Noticed an orb of fire
110308 | Zot:5    | Killed an orb of fire
110554 | Zot:5    | Noticed an orb of fire
110575 | Zot:5    | Gained mutation: Armour fits poorly on your strangely
                  | shaped body. [an orb of fire]
110582 | Zot:5    | Gained mutation: You occasionally lose the ability to drink
                  | potions when taking damage. [an orb of fire]
110583 | Zot:5    | Gained mutation: You have a pair of small horns on your
                  | head. [an orb of fire]
110601 | Zot:5    | Killed an orb of fire
110697 | Zot:5    | Lost mutation: You occasionally lose the ability to drink
                  | potions when taking damage. [potion of mutation]
110697 | Zot:5    | Lost mutation: Armour fits poorly on your strangely shaped
                  | body. [potion of mutation]
110697 | Zot:5    | Lost mutation: Your spells are a little harder to cast, but
                  | a little more powerful. [potion of mutation]
110697 | Zot:5    | Gained mutation: You are frail. (-10% HP) [potion of
                  | mutation]
110697 | Zot:5    | Gained mutation: Armour fits poorly on your strangely
                  | shaped body. [potion of mutation]
110697 | Zot:5    | Gained mutation: You have a pair of horns on your head.
                  | [potion of mutation]
110697 | Zot:5    | Lost mutation: You are frail. (-10% HP) [potion of
                  | mutation]
111103 | Vaults:5 | Lost mutation: You have a pair of horns on your head.
                  | [potion of mutation]
111103 | Vaults:5 | Lost mutation: You have a pair of small horns on your head.
                  | [potion of mutation]
111103 | Vaults:5 | Lost mutation: Armour fits poorly on your strangely shaped
                  | body. [potion of mutation]
111103 | Vaults:5 | Gained mutation: You expend magic power (3 MP) to
                  | strengthen your wands. [potion of mutation]
111103 | Vaults:5 | Gained mutation: Your spells are a little harder to cast,
                  | but a little more powerful. [potion of mutation]
112100 | Zot:5    | Noticed an orb of fire
112113 | Zot:5    | Killed an orb of fire
112390 | Zot:5    | Gained mutation: You have hidden genetic defects. [an orb
                  | of fire]
112392 | Zot:5    | Gained mutation: You occasionally shout uncontrollably at
                  | your foes. [an orb of fire]
112396 | Zot:5    | Gained mutation: You occasionally lose the ability to read
                  | scrolls when taking damage. [an orb of fire]
112401 | Zot:5    | Killed an orb of fire
112404 | Zot:5    | Gained mutation: You have supernaturally acute eyesight.
                  | (SInv) [mutagenic glow]
112438 | Zot:5    | Lost mutation: You have supernaturally acute eyesight.
                  | (SInv) [potion of mutation]
112438 | Zot:5    | Lost mutation: You have hidden genetic defects. [potion of
                  | mutation]
112438 | Zot:5    | Gained mutation: You have large cloven feet. [potion of
                  | mutation]
112438 | Zot:5    | Gained mutation: Your muscles are strong. (Str +4, Int/Dex
                  | -1) [potion of mutation]
112591 | Zot:5    | Gained mutation: You sometimes lose your temper in combat.
                  | [an orb of fire]
112593 | Zot:5    | Killed an orb of fire
112645 | Zot:5    | Lost mutation: Your spells are a little harder to cast, but
                  | a little more powerful. [potion of mutation]
112645 | Zot:5    | Lost mutation: You have large cloven feet. [potion of
                  | mutation]
112645 | Zot:5    | Lost mutation: Your muscles are strong. (Str +4, Int/Dex
                  | -1) [potion of mutation]
112646 | Zot:5    | Lost mutation: You occasionally lose the ability to read
                  | scrolls when taking damage. [potion of mutation]
112646 | Zot:5    | Lost mutation: You sometimes lose your temper in combat.
                  | [potion of mutation]
112646 | Zot:5    | Gained mutation: You possess an exceptional clarity of
                  | mind. [potion of mutation]
112646 | Zot:5    | Gained mutation: Your mind is acute. (Int +4, Str/Dex -1)
                  | [potion of mutation]
112827 | Zot:5    | Found the ring of Shadows {Umbra +Inv Stlth+}
113001 | Zot:5    | Got the Orb of Zot
113054 | Zot:5    | Noticed Gyot the pandemonium lord
113674 | D:$      | Escaped with the Orb!

Illustrated notes

#.....b.b......
#.<.....$..D...
#.?...b........
#.C....b...^...
#..............
#..............
#..............
#......@.......
#............D.
#.............?
#..............
#.............$
#....!...##+##.
#.....#..#
#.....#[.#


Turn 76799 on Depths:3: ugh

Levels and vault maps discovered:
D:1:      onia_arrival_mini_maze_b, layout_loops_ring,
          shapermc_ecumenical_altar_acropolis, minmay_misc_feat_ornament
D:2:      layout_basic, uniq_terence, uniq_crazy_yiuf_cottage
D:3:      layout_loops_ring, minitemple, grunt_dithmenos_smoke,
          corexii_leaking_fountain
D:4:      layout_rooms, mainiacjoe_overflow_six_doors_small,
          ebering_ghost_disaster_area, cheibrodos_sewer_entry_bend,
          hangedman_decor_riveting, st_stairs_1
D:5:      layout_basic, minmay_gold_behind_fungi, uniq_sigmund
D:6:      layout_cave_pools, mainiacjoe_overflow_large_starburst, minmay_between
D:7:      gammafunk_steamed_eel, layout_loops_ring,
          mainiacjoe_overflow_cross_hatched, kennysheep_slug_shrine,
          minmay_temple_entry_statues_fountains, enter_bailey_5,
          hangedman_decor_diamond_cutter, hangedman_misty_isle
D:8:      layout_rooms, nicolae_tso_swordbearing_angel, lemuel_round_altar,
          introduction_to_nature_2
D:9:      layout_loops_ring, hangedman_feature_mirror,
          hellmonk_guarded_unrand_cigotuvi
D:10:     cheibrodos_wizards_tower, layout_rooms, serial_curves, eino_curves_03,
          eino_curves_02, minmay_misc_feat_hallway,
          minmay_guarded_unrand_vampires_tooth
D:11:     layout_gridville, due_lair_maze_entry_diamond, nicolae_specific_store,
          dreamdust_wishing_well, grunt_ministairs_13,
          kennysheep_okawaru_gauntlet
D:12:     layout_long_grid, erik_orc_3, minivault_26
D:13:     layout_loops_cross, grunt_vaults_entry_fortified,
          minmay_unpleasant_kobolds, uniq_sonja
D:14:     layout_cave_pools, minmay_misc_feat_tiny
D:15:     gammafunk_depths_entry_grave, layout_gridville,
          nicolae_ashenzari_panopticon, palyth_stone_intersect,
          minmay_variable_closet, minivault_15
Temple:   kb_corrupted_temple
Lair:1:   layout_cave_pods, serial_bayou_shore_a, grunt_megastairs_5
Lair:2:   layout_cave_pods, spider_nest_entry_a
Lair:3:   layout_long_grid, minmay_swamp_entry_worms, enter_volcano_2
Lair:4:   layout_gridlike, nicolae_slime_entry_slimehenge, lookout_lair_type,
          grunt_megastairs_1
Lair:5:   hangedman_lair_in_review, layout_gridlike, guppyfry_lair_end_dragon,
          nzn_masters_of_martial_movement, uniq_rupert
Swamp:1:  layout_basic_swamp, ebering_ghost_rock_garden,
          evilmike_swamp_ruin_house_5, swamp_pool1
Swamp:2:  layout_basic_swamp, nicolae_swamp_fairy_circle
Swamp:3:  layout_basic_swamp, nicolae_swamp_oxbows, swamp_pool5
Swamp:4:  swamp_basic_johnstein, layout_basic_swamp, uniq_kirke, uniq_aizul
Spider:1: layout_spider_delve
Spider:2: layout_spider_delve
Spider:3: layout_cave_pods, worms_lemuel
Spider:4: spider_rune_water
Orc:1:    nicolae_orc_accident_1, layout_caves, gammafunk_ghost_smash,
          uniq_nergalle, uniq_jorgrun
Orc:2:    hellmonk_orc_salted, layout_diamond_mine, basic_altar,
          nicolae_orc_rich_vein
Elf:1:    nicolae_elf_arrival_aired_out, layout_onion_city, minivault_28,
          grunt_megastairs_4, uniq_azrael, uniq_nikola
Elf:2:    nicolae_elf_blades_splatter_lattice [infiniplex_blade_entry_pillars],
          layout_geoelf_grid
Elf:3:    minmay_elf_hall_x, layout_geoelf_grid, minivault_25_ag,
          columned_hall_lemuel
Vaults:1: hangedman_vaults_unwind, v_alt_pattern_1, hangedman_vaults_river_flow,
          v_rooms_4, serial_ice_h, hangedman_vaults_stretched_pinwheel,
          vaults_mumra_hex, serial_ice_b, ontoclasm_vaults_gateway,
          layout_vaults_quadrants, serial_shops, shop
Vaults:2: vaults_dpeg_diagonal, vaults_room_fancy_cross, v_misc_28,
          hangedman_vaults_cutoff, vaults_dpeg_cross, v_misc_30, v_rooms_2,
          nicolae_vaults_little_squares_2, nicolae_vaults_little_squares_2,
          st_spiral_rooms, v_alt_pattern_3, hangedman_vaults_locks,
          nicolae_vaults_rhombus_7, ontoclasm_vaults_decontamination,
          vaults_mumra_lcd, layout_vaults_omnibox, serial_shops, bzr_entry_dummy
Vaults:3: nicolae_vaults_shelves_hall, hangedman_vaults_impose, v_alt_pattern_6,
          v_rooms_3, vaults_room_boxed, ontoclasm_vaults_eye, v_misc_24,
          v_pattern_3, nicolae_vaults_twisting_passages,
          nicolae_vaults_little_squares_1, blue_anna_dwarven_crypt,
          layout_vaults_maze_bifur, serial_shops, nicolae_square_shop
Vaults:4: v_misc_8, vaults_dpeg_doors, v_misc_32, vaults_room_pool,
          ontoclasm_vaults_idyll, vaults_room_large_hall,
          hangedman_vaults_nails, dpeg_vaults_monster_box,
          layout_vaults_big_room, uniq_frederick
Vaults:5
Depths:1: layout_forbidden_donut, kennysheep_decorative_pillar, hell_entry,
          rand_demon_pan_entry_9, nicolae_shop_i_like_big_books,
          nicolae_figureground_sparkle, uniq_saint_roka
Depths:2: hangedman_slaughterboxes, serial_shops, hell_entry, pan_entry
Depths:3: minmay_the_grid_square_5x5_4x4_mashed
          [minmay_the_grid_square_5x5_pentomino_r, minmay_the_grid_square_5x5_c,
          minmay_the_grid_square_5x5_spiral_small,
          minmay_the_grid_square_5x5_three_walls,
          minmay_the_grid_square_5x5_lines,
          minmay_the_grid_square_5x5_prize_junk,
          minmay_the_grid_square_5x5_prize_gold,
          minmay_the_grid_square_5x5_plus, minmay_the_grid_square_5x5_eight,
          minmay_the_grid_square_5x5_prize_waves,
          minmay_the_grid_square_5x5_prize_itemx, minmay_the_grid_square_5x5_n,
          minmay_the_grid_square_5x5_n_small,
          minmay_the_grid_square_5x5_beaten_path,
          minmay_the_grid_square_5x5_trominoes,
          minmay_the_grid_square_5x5_misaligned], layout_gridlike,
          serial_co_window_serial, co_window_corner_a, co_window_corner_a,
          co_window_paths_a, co_window_paths_b, co_window_paths_a,
          co_window_2corner, co_window_corner_cb, co_window_broadway_c,
          co_window_paths_e, glass_columns_c, glass_columns_a,
          abyss_entry_flame_altar, rand_demon_pan_entry_5, hell_entry
Depths:4: grunt_zot_entry_hairpin, layout_cave_pools, enter_ziggurat_d,
          lemuel_tele_altar, hell_entry, serial_sigils_hangedman_snap,
          minmay_fractal_squares_diagonal_5, uniq_mennas, uniq_grunn, uniq_boris
Zot:1:    layout_concentric_octagons, hangedman_zot_decor_checkerboard,
          lemuel_golem_globe, uniq_josephina
Zot:2:    layout_misc_corridors, zot_minivault_1, uniq_parghit
Zot:3:    layout_cellular_growth
Zot:4:    layout_misc_corridors, lemuel_baited_zot_trap, grunt_ministairs_6
Zot:5:    layout_basic, gammafunk_ghost_cemetery

Skill      XL: |  1  2  3  4  5  6  7  8  9 10 11 12 13 14 15 16 17 18 19 20 21 22 23 |
---------------+----------------------------------------------------------------------+-----
Conjurations   | 4 5 6 7 8 10 | 10.0
Spellcasting   | 2 3 4 6 7 8 10 12 14 | 14.0
Earth Magic    | 3 8 10 | 10.0
Translocations | 2 4 |  4.0
Fighting       | 4 6 8 10 11 12 14 | 14.0
Dodging        | 3 4 8 10 11 12 14 | 14.0
Necromancy     | 1 5 6 8 |  8.0
Transmutations | 2 5 8 10 | 10.0
Stealth        | 2 6 10 11 12 13 | 13.2
Hexes          | 4 8 10 | 10.0
Ice Magic      | 5 6 8 10 | 10.0
Air Magic      | 5 7 8 |  8.0
Evocations     | 3 8 9 10 11 | 11.1
Short Blades   | 7 8 |  8.0
Shields        | 4 |  4.0
Armour         | 5 8 12 14 | 14.0
Long Blades    | 10 13 | 13.1
Summonings     | 8 10 | 10.0

Action                   |  1- 3 |  4- 6 |  7- 9 | 10-12 | 13-15 | 16-18 | 19-21 | 22-24 || total
-------------------------+-------+-------+-------+-------+-------+-------+-------+-------++-------
Melee: Whip              |     3 |       |       |       |       |       |       |       ||     3
       Trident           |       |     9 |    49 |    43 |    58 |       |       |       ||   159
       Punch             |       |       |       |     1 |     3 |       |       |       ||     4
       Shortbow          |       |       |       |     1 |       |       |       |       ||     1
       Quick blade       |       |       |       |       |   675 |  1331 |   469 |   717 ||  3192
       Staff             |       |       |       |       |       |     3 |     2 |       ||     5
       Scimitar          |       |       |       |       |       |       |   333 |   353 ||   686
 Fire: Shortbow          |       |       |       |   200 |   131 |       |       |       ||   331
 Cast: Magic Dart        |    72 |    74 |   137 |     7 |    13 |     2 |       |       ||   305
       Searing Ray       |     1 |    25 |    57 |    41 |       |       |       |       ||   124
       Iskenderun's Myst |       |       |     6 |    44 |    59 |     1 |     1 |       ||   111
       Stone Arrow       |       |       |       |    97 |   180 |   237 |   122 |    25 ||   661
       Vampiric Draining |       |       |       |    26 |    30 |    21 |    11 |     5 ||    93
       Freezing Cloud    |       |       |       |    30 |   215 |   200 |   126 |    68 ||   639
       Fulminant Prism   |       |       |       |       |     3 |     5 |    20 |       ||    28
       Irradiate         |       |       |       |       |    14 |   112 |    84 |    84 ||   294
       Lee's Rapid Decon |       |       |       |       |     6 |    54 |   209 |   124 ||   393
       Passwall          |       |       |       |       |     2 |       |    10 |    17 ||    29
       Ozocubu's Armour  |       |       |       |       |       |    20 |     7 |     1 ||    28
       Apportation       |       |       |       |       |       |     5 |     9 |    23 ||    37
       Borgnjor's Vile C |       |       |       |       |       |    19 |   155 |    48 ||   222
       Cause Fear        |       |       |       |       |       |       |     1 |       ||     1
       Summon Mana Viper |       |       |       |       |       |       |       |    85 ||    85
       Summon Lightning  |       |       |       |       |       |       |       |    28 ||    28
Evoke: Wand              |       |       |       |       |     4 |     3 |     6 |    19 ||    32
       Tin of tremorston |       |       |       |       |       |     2 |     2 |       ||     4
       Box of beasts     |       |       |       |       |       |       |       |     2 ||     2
  Use: Scroll            |       |     1 |       |    15 |    24 |    15 |     7 |    17 ||    79
       Potion            |       |     1 |       |       |     1 |     3 |     4 |    21 ||    30
 Stab: Sleeping          |       |       |     3 |       |     8 |    12 |    16 |     2 ||    41
       Distracted        |       |       |       |       |       |       |       |    15 ||    15
       Invisible         |       |       |       |       |       |       |       |     5 ||     5
Armor: Robe              |     1 |    13 |     6 |       |       |       |       |       ||    20
       Steam dragon scal |       |       |    50 |    85 |     3 |       |       |       ||   138
       Leather armour    |       |       |       |       |   169 |   276 |    56 |       ||   501
       Chain mail        |       |       |       |       |       |       |   433 |   473 ||   906
Dodge: Dodged            |     6 |    34 |    89 |   178 |   380 |   437 |   376 |   331 ||  1831
Block: Buckler           |       |       |       |       |   220 |   426 |   297 |   168 ||  1111
       Reflection        |       |       |       |       |    23 |    30 |    22 |     6 ||    81
       Other             |       |       |       |       |     4 |       |       |       ||     4
